TOP OF THE 1ST |
Las Vegas 51s batting - Pitching for Gwinnett Braves : RHP Jesus Fernandez
|
Pitching: RHP Jesus Fernandez
|
|
Batting: LHB Adam Hairston
|
0-0: Fly out, F7 (Flyball, 7D, EV 80.6 MPH)
|
Batting: RHB Seth Daniel
|
0-0: Ball 1-0: Ball 2-0: Ground out U3 (Groundball, 3, EV 88.8 MPH)
|
Batting: SHB Josh Schultze
|
0-0: Ball 1-0: Called Strike 1-1: Ground out 5-3 (Groundball, 5L, EV 85.6 MPH)
|
Top of the 1st over - 0 runs, 0 hits, 0 errors, 0 left on base; Las Vegas 0 - Gwinnett 0 |
BOTTOM OF THE 1ST |
Gwinnett Braves batting - Pitching for Las Vegas 51s : RHP Mike Schoening
|
Pitching: RHP Mike Schoening
|
|
Batting: LHB Davey Schonewille
|
0-0: Called Strike 0-1: Ball 1-1: Fly out, F8 (Flyball, 8RD, EV 93.8 MPH)
|
Pitching: RHP Leo Burgos
|
|
Batting: RHB Luis Revilla
|
0-0: Ball 1-0: Foul Ball, location: 2F 1-1: Ball 2-1: Ball 3-1: Foul Ball, location: 2F 3-2: Ground out 3-1 (Groundball, 34, EV 80.0 MPH)
|
Batting: LHB Edwin Aguilar
|
0-0: Ball 1-0: Ball 2-0: Called Strike 2-1: SINGLE (Groundball, 34, EV 101.2 MPH)
|
Batting: LHB Helge Jivotovsky
|
0-0: Ball 1-0: Ball 2-0: Ball Edwin Aguilar steals 2nd base 3-0: Base on Balls
|
Batting: LHB Sam Dowdy
|
0-0: Ball 1-0: Ball 2-0: Swinging Strike 2-1: Ball 3-1: Base on Balls Edwin Aguilar to third Helge Jivotovsky to second
|
Batting: RHB Cole Bittner
|
0-0: Swinging Strike 0-1: Ball 1-1: Ball 2-1: SINGLE (Line Drive, 89S, EV 85.0 MPH) Edwin Aguilar scores Helge Jivotovsky to third Sam Dowdy to second Runner from 3rd tries for Home, SAFE, throw by RF to home
|
Batting: RHB Xavier Castellanos
|
0-0: Ball 1-0: Fly out, F9 (Line Drive, 9D, EV 91.2 MPH)
|
Bottom of the 1st over - 2 runs, 2 hits, 0 errors, 2 left on base; Las Vegas 0 - Gwinnett 2 |
TOP OF THE 2ND |
Las Vegas 51s batting - Pitching for Gwinnett Braves : RHP Jesus Fernandez
|
Batting: LHB David McNair
|
0-0: Fly out, F9 (Flyball, 9, EV 97.5 MPH)
|
Batting: RHB Steven Romanovsky
|
0-0: Fly out, F8 (Flyball, 8RS, EV 90.6 MPH)
|
Batting: SHB Jason Evans
|
0-0: Swinging Strike 0-1: Foul Ball, location: 2F 0-2: Foul Ball, location: 2F 0-2: Foul Ball, location: 2F 0-2: Strikes out looking
|
Top of the 2nd over - 0 runs, 0 hits, 0 errors, 0 left on base; Las Vegas 0 - Gwinnett 2 |
BOTTOM OF THE 2ND |
Gwinnett Braves batting - Pitching for Las Vegas 51s : RHP Leo Burgos
|
Batting: RHB Oscar Fausto
|
0-0: Ball 1-0: Fly out, F8 (Flyball, 8RM, EV 98.8 MPH)
|
Pitching: RHP Battista Aldobrandini
|
|
Batting: RHB T.J. Jordan
|
0-0: Called Strike 0-1: Ground out 5-3 (Groundball, 15, EV 85.0 MPH)
|
Batting: LHB Davey Schonewille
|
0-0: Called Strike 0-1: Ground out U3 (Groundball, 3, EV 88.1 MPH)
|
Bottom of the 2nd over - 0 runs, 0 hits, 0 errors, 0 left on base; Las Vegas 0 - Gwinnett 2 |
TOP OF THE 3RD |
Las Vegas 51s batting - Pitching for Gwinnett Braves : RHP Jesus Fernandez
|
Batting: RHB Steve Page
|
0-0: Called Strike 0-1: Ball 1-1: Ball 2-1: Foul Ball, location: 2F 2-2: Foul Ball, location: 2F 2-2: Strikes out swinging
|
Batting: RHB Bobby Campbell
|
0-0: Fly out, F7 (Flyball, 78D, EV 98.1 MPH)
|
Batting: RHB Leon Edwards
|
0-0: Called Strike 0-1: Ball 1-1: Fly out, F6 (Popup, 4MS, EV 78.8 MPH)
|
Top of the 3rd over - 0 runs, 0 hits, 0 errors, 0 left on base; Las Vegas 0 - Gwinnett 2 |
BOTTOM OF THE 3RD |
Gwinnett Braves batting - Pitching for Las Vegas 51s : RHP Battista Aldobrandini
|
Batting: RHB Luis Revilla
|
0-0: Ball 1-0: Foul Ball, location: 2F 1-1: Hit by Pitch
|
Batting: LHB Edwin Aguilar
|
0-0: Foul Ball, location: 2F 0-1: Foul Ball, location: 2F 0-2: Fielders Choice at 2nd, 3-6 (Groundball, 3, EV 82.5 MPH)
|
Batting: LHB Helge Jivotovsky
|
0-0: Swinging Strike 0-1: Ball Edwin Aguilar steals 2nd base 1-1: Ball 2-1: Called Strike 2-2: Foul Ball, location: 2F 2-2: Ball 3-2: Foul Ball, location: 2F 3-2: Foul Ball, location: 2F 3-2: Fly out, F8 (Line Drive, 8RD, EV 101.2 MPH)
|
Batting: LHB Sam Dowdy
|
0-0: Called Strike 0-1: Foul Ball, location: 2F 0-2: Foul Ball, location: 2F 0-2: Ball 1-2: Ball 2-2: Ball 3-2: Base on Balls
|
Batting: RHB Cole Bittner
|
0-0: Fielders Choice at 2nd, 6-4 (Groundball, 6, EV 81.9 MPH)
|
Bottom of the 3rd over - 0 runs, 0 hits, 0 errors, 2 left on base; Las Vegas 0 - Gwinnett 2 |
TOP OF THE 4TH |
Las Vegas 51s batting - Pitching for Gwinnett Braves : RHP Jesus Fernandez
|
Batting: LHB Adam Hairston
|
0-0: Ball 1-0: Ball 2-0: Ball 3-0: Base on Balls
|
Batting: RHB Seth Daniel
|
0-0: Ball 1-0: Foul Ball, location: 2F 1-1: Foul Ball, location: 2F 1-2: Fly out, F9 (Flyball, 9D, EV 100.0 MPH)
|
Batting: SHB Josh Schultze
|
0-0: Ball 1-0: Foul Ball, location: 2F 1-1: Ball 2-1: Ball 3-1: Called Strike 3-2: Base on Balls Adam Hairston to second
|
Batting: LHB David McNair
|
0-0: Called Strike 0-1: Ball 1-1: Foul Ball, location: 2F 1-2: Ball 2-2: Foul Ball, location: 2F 2-2: Ball 3-2: Base on Balls Adam Hairston to third Josh Schultze to second
|
Batting: RHB Steven Romanovsky
|
0-0: Called Strike 0-1: Ball 1-1: Ball 2-1: Grounds into double play, 5-4-3 (Groundball, 56, EV 105.0 MPH)
|
Top of the 4th over - 0 runs, 0 hits, 0 errors, 2 left on base; Las Vegas 0 - Gwinnett 2 |
BOTTOM OF THE 4TH |
Gwinnett Braves batting - Pitching for Las Vegas 51s : RHP Battista Aldobrandini
|
Batting: RHB Xavier Castellanos
|
0-0: Ball 1-0: Ground out 6-3 (Groundball, 6, EV 79.4 MPH)
|
Batting: RHB Oscar Fausto
|
0-0: Ball 1-0: Ball 2-0: Ball 3-0: Base on Balls
|
Batting: RHB T.J. Jordan
|
0-0: Foul Ball, location: 2F 0-1: Foul Ball, location: 2F 0-2: Foul Ball, location: 2F 0-2: Ball 1-2: Grounds into double play, 5-4-3 (Groundball, 5, EV 83.1 MPH)
|
Bottom of the 4th over - 0 runs, 0 hits, 0 errors, 0 left on base; Las Vegas 0 - Gwinnett 2 |
TOP OF THE 5TH |
Las Vegas 51s batting - Pitching for Gwinnett Braves : RHP Jesus Fernandez
|
Batting: SHB Jason Evans
|
0-0: Fly out, F6 (Line Drive, 6, EV 72.5 MPH)
|
Batting: RHB Steve Page
|
0-0: Called Strike 0-1: Ball 1-1: Swinging Strike 1-2: Foul Ball, location: 2F 1-2: Strikes out looking
|
Batting: RHB Bobby Campbell
|
0-0: Foul Ball, location: 2F 0-1: Fly out, F7 (Flyball, 78D, EV 88.8 MPH)
|
Top of the 5th over - 0 runs, 0 hits, 0 errors, 0 left on base; Las Vegas 0 - Gwinnett 2 |
BOTTOM OF THE 5TH |
Gwinnett Braves batting - Pitching for Las Vegas 51s : RHP Battista Aldobrandini
|
Batting: LHB Davey Schonewille
|
0-0: Swinging Strike 0-1: Swinging Strike 0-2: Foul Ball, location: 2F 0-2: Ball 1-2: Ball 2-2: Ball 3-2: Strikes out looking
|
Pitching: RHP Ian Wright
|
|
Batting: RHB Luis Revilla
|
0-0: Ground out 4-3 (Groundball, 4, EV 83.8 MPH)
|
Batting: LHB Edwin Aguilar
|
0-0: Ground out 4-3 (Groundball, 34D, EV 103.8 MPH)
|
Bottom of the 5th over - 0 runs, 0 hits, 0 errors, 0 left on base; Las Vegas 0 - Gwinnett 2 |
TOP OF THE 6TH |
Las Vegas 51s batting - Pitching for Gwinnett Braves : RHP Jesus Fernandez
|
Batting: RHB Leon Edwards
|
0-0: Ground out 6-3 (Groundball, 6, EV 80.0 MPH)
|
Batting: LHB Adam Hairston
|
0-0: Ball 1-0: Ball 2-0: Ball 3-0: Base on Balls
|
Batting: RHB Seth Daniel
|
0-0: Foul Ball, location: 2F 0-1: Swinging Strike 0-2: SINGLE (Groundball, 34D, EV 97.5 MPH) Adam Hairston to second Runner from 2nd tries for 3rd, OUT! 9-5 Seth Daniel to second
|
Batting: SHB Josh Schultze
|
0-0: Ball 1-0: Ground out U3 (Groundball, 13, EV 91.2 MPH)
|
Top of the 6th over - 0 runs, 1 hit, 0 errors, 1 left on base; Las Vegas 0 - Gwinnett 2 |
BOTTOM OF THE 6TH |
Gwinnett Braves batting - Pitching for Las Vegas 51s : RHP Ian Wright
|
Batting: LHB Helge Jivotovsky
|
0-0: Fly out, F8 (Flyball, 8RD, EV 100.6 MPH)
|
Batting: LHB Sam Dowdy
|
0-0: Swinging Strike 0-1: Called Strike 0-2: DOUBLE (Line Drive, 89M, EV 106.9 MPH)
|
Batting: RHB Cole Bittner
|
0-0: Ball 1-0: Ball Sam Dowdy steals 3rd base 2-0: Ball 3-0: Base on Balls
|
Batting: RHB Xavier Castellanos
|
0-0: Called Strike 0-1: Called Strike 0-2: Ground out U3 (Groundball, 3L, EV 93.8 MPH) Cole Bittner to second
|
Batting: RHB Oscar Fausto
|
0-0: Called Strike 0-1: Ball 1-1: Ball 2-1: Foul Ball, location: 2F 2-2: Strikes out swinging
|
Bottom of the 6th over - 0 runs, 1 hit, 0 errors, 2 left on base; Las Vegas 0 - Gwinnett 2 |
TOP OF THE 7TH |
Las Vegas 51s batting - Pitching for Gwinnett Braves : RHP Jesus Fernandez
|
Batting: LHB David McNair
|
0-0: Called Strike 0-1: Swinging Strike 0-2: Strikes out looking
|
Batting: RHB Steven Romanovsky
|
0-0: Called Strike 0-1: Ball 1-1: Foul Ball, location: 2F 1-2: Ground out 5-3 (Groundball, 56S, EV 85.6 MPH)
|
Batting: SHB Jason Evans
|
0-0: Ball 1-0: Called Strike 1-1: Fly out, F8 (Flyball, 8LD, EV 102.5 MPH)
|
Top of the 7th over - 0 runs, 0 hits, 0 errors, 0 left on base; Las Vegas 0 - Gwinnett 2 |
BOTTOM OF THE 7TH |
Gwinnett Braves batting - Pitching for Las Vegas 51s : RHP Ian Wright
|
Pitching: RHP Paul Schaecher
|
|
Batting: RHB T.J. Jordan
|
0-0: Ball 1-0: Ball 2-0: Swinging Strike 2-1: Foul Ball, location: 2F 2-2: Strikes out swinging
|
Batting: LHB Davey Schonewille
|
0-0: Ball 1-0: Ground out 4-3 (Groundball, 4, EV 108.8 MPH)
|
Batting: RHB Luis Revilla
|
0-0: Ball 1-0: Fly out, F8 (Line Drive, 8RM, EV 112.5 MPH)
|
Bottom of the 7th over - 0 runs, 0 hits, 0 errors, 0 left on base; Las Vegas 0 - Gwinnett 2 |
TOP OF THE 8TH |
Las Vegas 51s batting - Pitching for Gwinnett Braves : RHP Jesus Fernandez
|
Batting: RHB Steve Page
|
0-0: Called Strike 0-1: Called Strike 0-2: Foul Ball, location: 2F 0-2: Ball 1-2: Ball 2-2: Ball 3-2: Base on Balls
|
Pinch Hitting: LHB Jorge Rosales
|
0-0: Ball 1-0: Ball 2-0: Called Strike 2-1: Called Strike 2-2: Foul Ball, location: 2F 2-2: Foul Ball, location: 2F 2-2: Foul Ball, location: 2F 2-2: DOUBLE (Groundball, 3L, EV 102.5 MPH) Steve Page to third Runner from 3rd tries for Home, SAFE, throw by RF to trailing runner, SAFE at third!
|
Batting: RHB Leon Edwards
|
0-0: Ball 1-0: Called Strike 1-1: Ball 2-1: Foul Ball, location: 2F 2-2: SINGLE (Line Drive, 4MD, EV 108.8 MPH) Jorge Rosales scores
|
Batting: LHB Adam Hairston
|
0-0: Ball 1-0: Bunt missed! 1-1: Bunt missed! 1-2: Foul Ball, location: 2F 1-2: Foul Ball, location: 2F 1-2: SINGLE (Line Drive, 3D, EV 97.5 MPH) Leon Edwards to second
|
Batting: RHB Seth Daniel
|
0-0: Ball 1-0: Ball 2-0: Ball 3-0: Called Strike 3-1: Base on Balls Leon Edwards to third Adam Hairston to second
|
Pitching: RHP Doug Whitlatch
|
|
Batting: SHB Josh Schultze
|
0-0: Ball 1-0: Foul Ball, location: 2F 1-1: SINGLE (Flyball, 56D, EV 95.0 MPH) Leon Edwards scores Adam Hairston to third Seth Daniel to second
|
Batting: LHB David McNair
|
0-0: Foul Ball, location: 2F 0-1: Ball 1-1: Ball 2-1: Swinging Strike 2-2: Foul Ball, location: 2F 2-2: Foul Ball, location: 2F 2-2: Foul Ball, location: 2F 2-2: Strikes out swinging
|
Batting: RHB Steven Romanovsky
|
0-0: Ball 1-0: Swinging Strike 1-1: Ball 2-1: Foul Ball, location: 2F 2-2: Foul Ball, location: 2F 2-2: Ball 3-2: GRAND SLAM HOME RUN (Flyball, 7D, EV 101.2 MPH), Distance : 373 ft
|
Batting: SHB Jason Evans
|
0-0: Ball 1-0: SINGLE (Groundball, 3D, EV 101.9 MPH)
|
Batting: RHB Steve Page
|
0-0: Called Strike 0-1: Ground out 4-3 (Groundball, 34, EV 105.6 MPH) Jason Evans to second
|
Batting: LHB Jorge Rosales
|
0-0: Swinging Strike 0-1: Ball 1-1: Foul Ball, location: 2F 1-2: Ball 2-2: Strikes out swinging
|
Top of the 8th over - 7 runs, 6 hits, 0 errors, 1 left on base; Las Vegas 7 - Gwinnett 2 |
BOTTOM OF THE 8TH |
Gwinnett Braves batting - Pitching for Las Vegas 51s : RHP Paul Schaecher
|
Now at 3B: Steve Dunaway
|
|
Batting: LHB Edwin Aguilar
|
0-0: DOUBLE (Flyball, 8LXD, EV 102.5 MPH)
|
Batting: LHB Helge Jivotovsky
|
0-0: Foul Ball, location: 2F 0-1: Foul Ball, location: 2F 0-2: Strikes out swinging
|
Batting: LHB Sam Dowdy
|
0-0: Ball 1-0: Ground out 6-3 (Groundball, 6MS, EV 60.0 MPH) Edwin Aguilar to third
|
Batting: RHB Cole Bittner
|
0-0: Swinging Strike 0-1: Ball 1-1: Swinging Strike 1-2: Ball 2-2: Ball 3-2: Base on Balls
|
Batting: RHB Xavier Castellanos
|
0-0: Ball 1-0: Ball 2-0: Foul Ball, location: 2F 2-1: Foul Ball, location: 2F 2-2: Ball Wild Pitch! Edwin Aguilar scores Cole Bittner to second 3-2: Strikes out swinging
|
Bottom of the 8th over - 1 run, 1 hit, 0 errors, 1 left on base; Las Vegas 7 - Gwinnett 3 |
TOP OF THE 9TH |
Las Vegas 51s batting - Pitching for Gwinnett Braves : RHP Doug Whitlatch
|
Pitching: RHP Chris Bedard
|
|
Batting: RHB Leon Edwards
|
0-0: Called Strike 0-1: Ball 1-1: Called Strike 1-2: Ball 2-2: Ball 3-2: Foul Ball, location: 2F 3-2: Strikes out swinging
|
Batting: LHB Adam Hairston
|
0-0: SINGLE (Groundball, 4D, EV 98.1 MPH)
|
Batting: RHB Seth Daniel
|
0-0: Called Strike 0-1: SINGLE (Line Drive, 4D, EV 95.0 MPH) Adam Hairston to second Throwing error, E8 Adam Hairston scores Seth Daniel to second
|
Batting: SHB Josh Schultze
|
0-0: Ball 1-0: Ball 2-0: Foul Ball, location: 2F 2-1: Foul Ball, location: 2F 2-2: Foul Ball, location: 2F 2-2: Foul Ball, location: 2F 2-2: SINGLE (Groundball, 34D, EV 110.0 MPH) Seth Daniel to third Runner from 3rd tries for Home, throw by RF and OUT! 9-2
|
Batting: LHB David McNair
|
0-0: Ground out 4-3 (Groundball, 34, EV 103.8 MPH)
|
Top of the 9th over - 1 run, 3 hits, 1 error, 1 left on base; Las Vegas 8 - Gwinnett 3 |
BOTTOM OF THE 9TH |
Gwinnett Braves batting - Pitching for Las Vegas 51s : RHP Paul Schaecher
|
Batting: RHB Oscar Fausto
|
0-0: Foul Ball, location: 2F 0-1: Ball 1-1: Ball 2-1: SINGLE (Line Drive, 78S, EV 100.0 MPH)
|
Batting: RHB T.J. Jordan
|
0-0: Ball 1-0: DOUBLE (Flyball, 8LXD, EV 101.9 MPH) Oscar Fausto to third
|
Batting: LHB Davey Schonewille
|
0-0: Ball 1-0: Called Strike 1-1: Foul Ball, location: 2F 1-2: Fly out, F9 (Line Drive, 9, EV 93.8 MPH)
|
Batting: RHB Luis Revilla
|
0-0: Ball 1-0: Called Strike 1-1: Foul Ball, location: 2F 1-2: Ball 2-2: Ball 3-2: SINGLE (Line Drive, 7S, EV 108.8 MPH) Oscar Fausto scores T.J. Jordan to third
|
Batting: LHB Edwin Aguilar
|
0-0: Foul Ball, location: 2F 0-1: Ball 1-1: Foul Ball, location: 2F 1-2: Foul Ball, location: 2F 1-2: TRIPLE (Line Drive, 9LD, EV 105.0 MPH) T.J. Jordan scores Luis Revilla scores
|
Pitching: LHP Frank Rowe
|
|
Batting: RHB Neal Tinoco
|
0-0: Ball 1-0: Foul Ball, location: 2F 1-1: Ground out 5-3 (Groundball, 56, EV 85.6 MPH) Edwin Aguilar scores
|
Batting: LHB Sam Dowdy
|
0-0: Ball 1-0: Ball 2-0: Foul Ball, location: 2F 2-1: Ball 3-1: Called Strike 3-2: Foul Ball, location: 2F 3-2: Foul Ball, location: 2F 3-2: Fly out, F3 (Line Drive, 3, EV 68.8 MPH)
|
Bottom of the 9th over - 4 runs, 4 hits, 0 errors, 0 left on base; Las Vegas 8 - Gwinnett 7 |
|